 Dungeon Crawl Stone Soup version 0.31-a0-1074-g0b22e4e0f1 (webtiles) character file.

Game seed: 17184598263769457583

1 BigPumpCobain the Changeling (level 1, 19/19 HPs)
             Began as an Ogre Shapeshifter on Dec 7, 2023.
             Quit the game on level 1 of the Dungeon.
             The game lasted 00:00:18 (143 turns).

BigPumpCobain the Changeling (Ogre Shapeshifter)     Turns: 143, Time: 00:00:19

Health: 19/19      AC:  3    Str: 17    XL:     1   Next: 20%
Magic:  1/1        EV:  9    Int: 11    God:
Gold:   10         SH:  0    Dex:  8    Spells: 0/0 levels left

rFire   . .          .
                       - Unarmed
rCold   . . .        (no shield)
rNeg    . . .        a - +0 animal skin
rPois   .            (helmet currently unavailable)
rElec   .            (cloak currently unavailable)
rCorr   .            (gloves unavailable)
SInv    .            (boots unavailable)
Will    .....        (no amulet)
Stlth   +            (no ring)
HPRegen 0.23/turn    (no ring)
MPRegen 0.07/turn

%: no passive effects
@: beast-form
A: beast (slay +1), large, unfitting armour, tough skin 1
a: Begin Untransformation


You were on level 1 of the Dungeon.
You were a hulking beast.
You visited 1 branch of the dungeon, and saw 1 of its levels.

You collected 10 gold pieces.

Inventory:

Armour
 a - a +0 animal skin (worn)
Talismans
 c - a beast talisman
 d - a flux talisman
Scrolls
 e - a scroll of fear {unknown}
 f - a scroll of fog {unknown}
Potions
 b - a potion of lignification
 g - a potion of haste {unknown}


   Skills:
 + Level 1.4 Fighting
 + Level 1.8 Dodging
 * Level 2.7 Unarmed Combat
 * Level 3.0 Shapeshifting


You couldn't memorise any spells.
You didn't know any spells.
Your spell library was empty.

Dungeon Overview and Level Annotations

Branches:
Dungeon (1/15)

Altars:


Innate Abilities, Weirdness & Mutations

You are a hulking beast.
Your limbs bulge with bestial killing power. (Slay +1)
You are too large for most types of armour.
You have tough skin. (AC +1)


Message History

No target in view!
No target in view!
No target in view!
A kobold comes into view. It is wielding a +0 short sword.
You see here a +0 dagger.
The kobold barely misses you.
A kobold is nearby!
You barely miss the kobold. The kobold hits you but does no damage.
You hit the kobold.
The kobold is moderately wounded.
The kobold hits you but does no damage.
You closely miss the kobold. You punch the kobold.
The kobold is severely wounded.
The kobold hits you but does no damage.
You hit the kobold.
You kill the kobold!
No target in view!
Things that are here:
a +0 short sword; a kobold corpse
Found 5 stones.
Unknown command.
Are you sure you want to abandon this character and quit the game? (Confirm with "yes".)

### #.# #### #####.##
##.## #..
#......###...## #.##
#.#..#..#.....####.##
##..#)#.......##......
#..##.#..#..........##
#.#.#)...#....##.#####
.. #..##..#..#.##.# #
#.
###h#.....#..#.##### #
#....##...#..#......
#.#.####.....#######
...#.###.......## ##
#.. #.##.........####.
....
...+.........'....
....
#.##.........####.
.... .(# #.......## #.
#####.....## #.


There were no monsters in sight!

Vanquished Creatures
  2 kobolds (D:1)
2 creatures vanquished.

Notes
Turn   | Place    | Note
-------+----------+-------------------------------------------
     0 | D:1      | BigPumpCobain the Ogre Shapeshifter began the quest for the
                  | Orb.
     0 | D:1      | Reached XP level 1. HP: 19/19 MP: 1/1
   143 | D:1      | Quit the game

Illustrated notes

Levels and vault maps discovered:
D:1:      evilmike_arrival_hilbert_curve, layout_loops_corners, serial_shops,
          nicolae_shop_hallway_plus, shapermc_ecumenical_altar_flowoftime,
          minmay_misc_feat_columns

Action                     || total
---------------------------++-------
  Melee: Unarmed           ||     6
         Punch             ||     1
 Armour: Animal skin       ||     4
  Dodge: Dodged            ||     1

Table legend: (Time is in decaauts)
 A = Elapsed time spent in this place.
 B = Non-inter-level travel time spent in this place.
 C = Inter-level travel time spent in this place.
 D = Time resting spent in this place.
 E = Time spent auto-exploring this place.
 F = Levels seen in this place.
 G = Mean time per level.
                   A        B        C        D        E       F      G
               +--------+--------+--------+--------+--------+-----+--------+
         Total |    142 |    142 |      0 |      0 |    127 |   1 |  142.0 |
       Dungeon |    142 |    142 |      0 |      0 |    127 |   1 |  142.0 |
               +--------+--------+--------+--------+--------+-----+--------+

Top non-repeatable levels by time:
     D:1: 142 daAuts
